 Dungeon Crawl Stone Soup version bcrawl-1.40.3b (webtiles) character file.

Game seed: 13490138604402612199

511924 Galewind the Devastator (level 16, -1/93 HPs)
             Began as an Avariel Conjurer on Mar 3, 2024.
             Was the Champion of Vehumet.
             Slain by a five-headed hydra (11 damage)
             ... on level 3 of the Swamp on Mar 4, 2024.
             The game lasted 00:37:06 (26533 turns).

Galewind the Devastator (Avariel Conjurer)         Turns: 26533, Time: 00:37:06

Health: -1/93      AC:  8    Str:  7    XL:     16   Next: 90%
Magic:  23/45      EV: 23    Int: 28    God:    Vehumet [******]
Gold:   280        SH:  4    Dex: 17    Spells: 5/43 levels left

rFire    . . .     GDR:     28% M - staff of conjuration
rCold    + . .     SeeInvis .   (no shield)
rNeg     . . .     Gourm    .   y - +0 leather armour
rPois    .         Faith    .   G - +0 helmet
rElec    +         Spirit   .   P - scarf {clouds}
rCorr    .         Reflect  +   b - +2 pair of gloves {Str+3}
MR       +....                  s - +0 pair of boots
Stlth    ++........             r - amulet of Yfyeggea {Reflect rElec Str-2 Dex+3 SH+4}
HPRegen  0.25/turn              J - ring of protection from cold
MPRegen  0.29/turn              v - ring of magical power

@: about to teleport, flying quickly and evasively, deflect missiles, quick
A: able to fly
a: Stop Flying, Renounce Religion, Evoke Fog


You were on level 3 of the Swamp.
You worshipped Vehumet.
Vehumet was exalted by your worship.
You were not hungry.

You visited 5 branches of the dungeon, and saw 21 of its levels.

You collected 2380 gold pieces.
You spent 2100 gold pieces at shops.

Inventory:

Missiles
 H - a throwing net {=f}
Armour
 b - a +2 pair of gloves of strength (worn)
 s - a +0 pair of boots (worn)
 y - a +0 leather armour (worn)
 G - a +0 helmet (worn)
 P - a scarf of clouds (worn)
Magical Staves
 M - an uncursed staff of conjuration (weapon)
Jewellery
 n - an uncursed ring of see invisible
 r - the amulet of Yfyeggea (around neck) {Reflect rElec Str-2 Dex+3 SH+4}
   (You found it on level 2 of the Lair of Beasts)

   [amulet of reflection]

   It shields you and reflects attacks.
   It affects your strength (-2).
   It affects your dexterity (+3).
   It insulates you from electricity.
   It affects your SH (+4).
 v - a ring of magical power (right hand)
 C - an uncursed ring of resist corrosion
 J - a ring of protection from cold (left hand)
Wands
 u - a wand of disintegration (9)
 w - a wand of digging (17)
 z - a wand of flame (69)
 E - a wand of charming (13)
 F - a wand of iceblast (16)
 I - a wand of clouds (2)
 K - a wand of acid (20)
 L - a wand of polymorph (4)
 V - a wand of paralysis (7)
Scrolls
 c - 5 scrolls of teleportation
 d - 2 scrolls of enchant weapon
 f - 7 scrolls of noise
 h - 10 scrolls of remove curse
 l - 2 scrolls of revelation
 m - 5 scrolls of enchant armour
 p - 3 scrolls of amnesia
 N - a scroll of fog
 Q - a scroll of torment
 T - a scroll of summoning
Potions
 a - 2 potions of cancellation
 g - 3 potions of resistance
 j - 5 potions of curing
 k - 4 potions of agility
 o - 2 potions of lignification
 q - 4 potions of flight
 t - 3 potions of heal wounds
 x - a potion of degeneration
 A - 3 potions of mutation
 B - 10 potions of might
 D - 2 potions of berserk rage
 O - 4 potions of brilliance
 S - 2 potions of invisibility
 W - a potion of magic
 X - a potion of haste
Comestibles
 e - 47 rations {!d}


   Skills:
 + Level 8.3 Fighting
   Level 10.0 Short Blades
   Level 1.2 Bows
 + Level 11.9 Dodging
 - Level 2.1 Stealth
 - Level 14.0 Spellcasting
 - Level 16.0 Conjurations
 - Level 10.0 Hexes
 - Level 7.0 Charms
 - Level 15.0 Fire Magic
 - Level 9.0 Air Magic


You had 5 spell levels left.
You knew the following spells:

 Your Spells              Type           Power        Failure   Level  Hunger
a - Bolt of Fire          Conj/Fire      ########..   1%          6    None
b - Fireball              Conj/Fire      ########..   1%          5    None
c - Iskenderun's Mystic   Conj           ########     0%          3    None
d - Flame Tongue          Conj/Fire      #####        0%          1    None
e - Sticky Flame          Conj/Fire      ########     1%          4    None
f - Magic Dart            Conj           ####         0%          1    None
g - Searing Ray           Conj           ########     0%          2    None
h - Inner Flame           Hex/Fire       N/A          1%          3    None
i - Deflect Missiles      Chrm/Air       ######....   22%         6    ###....
j - Orb of Destruction    Conj           ########..   1%          7    None

Your spell library contained the following spells:

 Spells                   Type           Power        Failure   Level  Hunger
 Poison Arrow             Conj/Pois      #######...   6%          6    None
 Conjure Flame            Conj/Fire      ########     0%          3    None
 Static Discharge         Air            ######       1%          1    None
 Sting                    Conj/Pois      ####         1%          1    None
 Ensorcelled Hibernation  Hex/Ice        #####.       1%          2    None
 Flaming Arrows           Chrm/Fire      ######..     1%          2    None
 Poisonous Vapours        Pois/Air       #####.       1%          2    None
 Shock                    Conj/Air       #######      1%          2    None
 Swiftness                Chrm/Air       ######..     1%          2    None
 Ignite Poison            Fire/Tmut/Pois #####...     1%          3    None
 Mephitic Cloud           Conj/Pois/Air  #######.     1%          3    None
 Airstrike                Air            ######....   1%          4    None
 Fulminant Prism          Conj/Hex       #######...   1%          4    None
 Lightning Bolt           Conj/Air       #######.     1%          4    None
 Irradiate                Conj/Tmut      #######...   1%          5    None
 Venom Bolt               Conj/Pois      #######...   1%          5    None
 Silence                  Hex/Air        ######....   2%          5    None
 Necrotize                Necr           ###...       4%          1    None
 Freezing Cloud           Ice/Air        #####...     4%          5    None
 Vampiric Draining        Necr           ###.......   12%         3    None
 Metabolic Englaciation   Hex/Ice        #####.....   14%         5    None
 Agony                    Necr           ###.....     36%         4    None
 Animate Dead             Necr           N/A          36%         4    None
 Olgreb's Toxic Radiance  Pois           ###......    36%         4    None
 Summon Scorpions         Summ/Pois      ###.....     36%         4    None
 Dispel Undead            Necr           ###.....     73%         5    None
 Bolt of Cold             Conj/Ice       #######...   6%          6    None
 Darkness                 Hex            ######....   10%         6    ###....
 Ozocubu's Refrigeration  Ice            ###.......   80%         6    ###....
 Infestation              Hex/Tmut/Pois  #####....    85%         6    ###....
 Borgnjor's Vile Clutch   Necr/Erth      ###.......   99%         6    ###....
 Simulacrum               Ice/Necr       ###.....     99%         6    ###....
 Shadow Creatures         Summ           N/A          100%        7    #####..
 Time Stop                Chrm/Tloc      N/A          100%        8    ######.
 Tornado                  Tloc/Air       #####.....   100%        8    ######.


Dungeon Overview and Level Annotations

Branches:
Dungeon (10/12)            Temple (1/1) D:6            Lair (6/6) D:8
  Swamp (3/3) Lair:3        Snake (0/3) Lair:4        Slime (0/5) Orc
    Orc (1/1) D:10         Forest (0/3) Lair:6

Altars:
Ashenzari
Cheibriados
Dithmenos
Elyvilon
Fedhas
Gozag
Hepliaklqana
Kikubaaqudgha
Lugonu
Makhleb
Nemelex Xobeh
Okawaru
Qazlal
Ru
Sif Muna
Trog
Uskayaw
Vehumet
Wu Jian
Xom
Yredelemnul
Zin
The Shining One
Jiyva

Shops:
D:4 :   D:10 (*   Orc ?!:?

Portals:
Trove: D:9 (give +3 gold dragon scales)

Annotations:
D:6 1 runed door


Innate Abilities, Weirdness & Mutations

You can fly continuously.


Message History

The six-headed hydra bites you! The six-headed hydra bites you.
You block the six-headed hydra's attack.
The six-headed hydra misses you. The five-headed hydra bites you!
The five-headed hydra bites you but does no damage.
The five-headed hydra completely misses you.
The five-headed hydra bites you but does no damage.
The five-headed hydra closely misses you.
The lindwurm breathes flames at you. The blast of flame hits you!!
* * * LOW HITPOINT WARNING * * *
Okay, then.
Okay, then.
You feel much better. You block the goliath frog's attack.
The goliath frog barely misses you.
The five-headed hydra bites you but does no damage.
You block the five-headed hydra's attack.
The five-headed hydra bites you!
* * * LOW HITPOINT WARNING * * *
The five-headed hydra bites you!
You die...

≈≈≈≈y≈§÷.≈♣
.y≈♣♣...÷[≈
♣♣♣♣≈≈≈≈.≈♣
♣....≈≈§≈♣♣
♣.≈≈≈kD.≈≈≈
♣.≈≈..≈...≈
♣♣F°..≈.≈.≈
♣♣.≈§†F≈≈.
♣§°D?.≈...≈
♣≈.§§§§≈.♣
♣♣@D.≈≈≈.≈.
.≈§§§§≈≈.♣
♣§D.≈≈≈≈.≈
≈.≈≈§≈°y○
♣♣.F≈≈≈≈..
≈.≈≈≈≈≈..
♣≈.≈≈≈D.≈
≈..≈≈≈≈°♣
♣♣...≈≈≈.
≈....≈○.♣
≈≈≈≈≈..
≈≈..[..<♣
≈≈≈≈≈≈.
≈♣.≈≈≈≈.♣
≈≈≈≈≈.
.≈.≈≈≈...


You could see 2 seven-headed hydras, a six-headed hydra, a five-headed hydra, a
swamp dragon, 2 goliath frogs and a lindwurm.

Vanquished Creatures
  Mara (Swamp:2)
  Nikola (Swamp:1)
  A wendigo (Lair:3)
  Kirke (Lair:6)
  4 thorn hunters
  Josephine (Swamp:1)
  Fannar (Lair:3)
  15 hydras
  A shambling mangrove (Swamp:2)
  Psyche (D:9)
  A ghost crab (Swamp:3)
  2 catoblepae
  8 alligators
  An anaconda (Lair:6)
  3 two-headed ogres
  10 death yaks
  Nergalle (Lair:2)
  A goliath frog (Lair:6)
  A fire crab (Lair:5)
  An unseen horror (D:10)
  8 swamp dragons
  3 lindwurms
  Pikel (D:9)
  A wolf spider zombie (D:9)
  An ugly thing (D:8)
  7 orc sorcerers (Orc)
  2 wolf spiders (Lair:6)
  A manticore (Lair:6)
  An oklob plant (Lair:1)
  14 black mambas
  A guardian serpent (Lair:6)
  6 will-o'-wisps (Swamp:3)
  Joseph (D:7)
  6 torpor snails
  A rime drake (Lair:4)
  21 cane toads
  A yaktaur (D:8)
  A freezing wraith (D:8)
  9 komodo dragons
  A guardian mummy (D:9)
  11 polar bears
  2 trolls
  A meliai (D:8)
  3 hornets
  A raiju (Lair:6)
  16 slime creatures
  7 tyrant leeches
  4 bog bodies
  21 blink frogs
  9 dream sheep
  8 hippogriffs
  Grum (Lair:5)
  A spriggan (Swamp:1)
  2 meliai zombies
  4 basilisks
  4 wraiths (Swamp:1)
  6 wyverns (Lair:6)
  7 hogs (Lair:6)
  44 yaks
  2 steam dragons
  9 vampire mosquitoes
  A hungry ghost (D:6)
  9 wargs
  A redback (Lair:6)
  2 nagas (Lair:4)
  12 swamp worms
  11 crocodiles
  Duvessa (D:7)
  16 hell hounds (Lair:6)
  13 water moccasins
  5 porcupines
  3 soldier ants (D:8)
  3 ice beasts
  3 slaves (D:9)
  13 orc warriors
  3 sky beasts
  6 swamp drakes
  12 black bears
  2 phantoms
  4 boggarts (Swamp:1)
  2 necrophages
  25 wolves
  7 ogres
  7 bullfrogs
  8 kobold brigands
  A wyvern zombie (D:7)
  6 gnoll sergeants
  Dowan (D:7)
  4 centaurs
  4 scorpions
  3 wights (D:8)
  2 electric eels (Lair:5)
  13 orc priests
  A howler monkey (D:8)
  7 crimson imps
  A bullfrog zombie (D:8)
  15 jellies
  2 bullfrog skeletons
  3 hounds
  33 orc wizards
  5 iguanas
  18 hell rats
  10 worker ants
  A killer bee zombie (D:7)
  A worker ant zombie (D:7)
  11 gnolls
  A howler monkey skeleton (D:9)
  6 adders
  13 river rats (Lair:3)
  12 white imps (Lair:6)
  5 oozes
  An adder zombie (D:5)
  3 worms
  4 dart slugs
  5 leopard geckos
  79 orcs
  5 bats
  5 giant cockroaches
  8 goblins
  4 hobgoblins
  7 jackals
  8 quokkas
  5 frilled lizards
  28 kobolds
  2 quokka skeletons
  19 rats
  8 fungi
  11 plants
856 creatures vanquished.

Vanquished Creatures (others)
  An orc wizard (Orc)
  18 fungi
  39 plants
  5 toadstools (D:1)
63 creatures vanquished.

Grand Total: 919 creatures vanquished

Notes
Turn   | Place    | Note
-------+----------+-------------------------------------------
     0 | D:1      | Galewind the Avariel Conjurer began the quest for the Orb.
     0 | D:1      | Reached XP level 1. HP: 10/10 MP: 6/6
   220 | D:1      | Reached XP level 2. HP: 15/15 MP: 5/7
   273 | D:1      | Reached skill level 6 in Conjurations
   302 | D:1      | Learned a level 2 spell: Searing Ray
   412 | D:1      | Reached XP level 3. HP: 19/19 MP: 1/9
   426 | D:1      | Learned a level 3 spell: Iskenderun's Mystic Blast
  1072 | D:2      | Found a faded altar of an unknown god.
  1154 | D:2      | Found an iron altar of Okawaru.
  1173 | D:2      | Reached XP level 4. HP: 23/24 MP: 0/11
  1188 | D:2      | Reached skill level 7 in Conjurations
  2344 | D:3      | Reached XP level 5. HP: 10/28 MP: 5/13
  2557 | D:3      | Found a sparkling altar of Nemelex Xobeh.
  2673 | D:3      | Found a shadowy altar of Dithmenos.
  2893 | D:3      | Found a shimmering blue altar of Sif Muna.
  2893 | D:3      | Found an ornate altar of the Wu Jian Council.
  2934 | D:3      | Reached XP level 6. HP: 32/32 MP: 13/15
  2997 | D:3      | Found a glowing silver altar of Zin.
  3011 | D:3      | Found a blossoming altar of Fedhas.
  3078 | D:4      | Got a wavering glass ring
  3296 | D:4      | Found Cuirida Zyda's Book Shop.
  3309 | D:4      | Reached skill level 8 in Conjurations
  3321 | D:4      | Reached skill level 5 in Spellcasting
  3672 | D:4      | Reached XP level 7. HP: 37/37 MP: 7/17
  3822 | D:4      | Identified the ring of Viemawk {+Fly Int+3} (You found it
                  | on level 4 of the Dungeon)
  3848 | D:5      | Entered Level 5 of the Dungeon
  3855 | D:5      | Noticed a hippogriff
  3858 | D:5      | Found a burning altar of Makhleb.
  3862 | D:5      | Noticed a yak
  3920 | D:5      | Killed a yak
  3921 | D:5      | Reached skill level 9 in Conjurations
  3922 | D:5      | Killed a hippogriff
  4197 | D:5      | Reached XP level 8. HP: 42/42 MP: 14/21
  4264 | D:5      | Reached skill level 10 in Conjurations
  4708 | D:5      | Reached skill level 1 in Fighting
  5078 | D:6      | Found a staircase to the Ecumenical Temple.
  5227 | Temple   | Entered the Ecumenical Temple
  5513 | Temple   | Became a worshipper of Vehumet
  6057 | D:6      | Reached skill level 11 in Conjurations
  6113 | D:6      | Gained mutation: You can fly continuously. [Avariel growth]
  6113 | D:6      | Reached XP level 9. HP: 47/47 MP: 21/24
  6292 | D:6      | Found a runed door.
  6495 | D:7      | Reached * piety under Vehumet
  6495 | D:7      | Offered knowledge of Flame Tongue by Vehumet.
  6502 | D:7      | Learned a level 1 spell: Flame Tongue
  6616 | D:7      | Noticed Duvessa
  6641 | D:7      | Killed Duvessa
  6642 | D:7      | Reached skill level 10 in Spellcasting
  6642 | D:7      | Reached skill level 12 in Conjurations
  6642 | D:7      | Noticed Dowan
  6645 | D:7      | Killed Dowan
  6726 | D:7      | Noticed Joseph
  6734 | D:7      | Killed Joseph
  7724 | D:8      | Reached XP level 10. HP: 52/52 MP: 12/26
  7741 | D:8      | Reached skill level 1 in Short Blades
  7741 | D:8      | Reached skill level 1 in Fire Magic
  7894 | D:8      | Noticed a two-headed ogre
  7898 | D:8      | Killed a two-headed ogre
  7957 | D:8      | Found the +7 longbow "Piercer" {penet, EV-2}
  8011 | D:8      | Offered knowledge of Throw Frost by Vehumet.
  8019 | D:8      | Reached ** piety under Vehumet
  8023 | D:8      | Noticed a two-headed ogre
  8037 | D:8      | Killed a two-headed ogre
  8107 | D:8      | Noticed a brown ugly thing
  8112 | D:8      | Killed a brown ugly thing
  8113 | D:8      | Reached skill level 5 in Fire Magic
  8240 | D:4      | Bought Luqois's Papyrus of Poison and Flames for 520 gold
                  | pieces
  8245 | D:4      | Learned a level 4 spell: Sticky Flame
  8251 | D:4      | Learned a level 5 spell: Irradiate
  8257 | D:4      | Learned a level 5 spell: Fireball
  8264 | D:4      | Learned a level 6 spell: Bolt of Fire
  8367 | D:8      | Found an opulent altar of Gozag.
  8425 | D:8      | Found a staircase to the Lair.
  8468 | Lair:1   | Entered Level 1 of the Lair of Beasts
  8487 | Lair:1   | Reached XP level 11. HP: 47/61 MP: 2/27
  8763 | Lair:1   | Noticed a seven-headed hydra
  8768 | Lair:1   | Killed a seven-headed hydra
  8872 | Lair:1   | Reached skill level 10 in Fire Magic
  9045 | Lair:1   | Reached skill level 5 in Short Blades
  9127 | D:8      | Offered knowledge of Conjure Flame by Vehumet.
  9420 | D:8      | Reached skill level 1 in Bows
  9508 | D:8      | Noticed a six-headed hydra
  9511 | D:8      | Killed a six-headed hydra
  9607 | D:8      | Reached *** piety under Vehumet
 10279 | Lair:1   | Noticed an oklob plant
 10284 | Lair:1   | Killed an oklob plant
 10285 | Lair:1   | Reached XP level 12. HP: 66/66 MP: 17/28
 11001 | Lair:2   | Reached skill level 10 in Short Blades
 11346 | Lair:2   | Noticed Nergalle
 11350 | Lair:2   | Killed Nergalle
 11386 | Lair:2   | Got a shimmering marble ring
 11424 | Lair:2   | Identified the ring "Huoxkupu" {+Fly rF+} (You found it on
                  | level 2 of the Lair of Beasts)
 11452 | Lair:2   | Noticed a catoblepas
 11457 | Lair:2   | Killed a catoblepas
 11457 | Lair:2   | Offered knowledge of Ignite Poison by Vehumet.
 11840 | Lair:2   | Got a clouded silver amulet
 12586 | Lair:3   | Noticed Fannar
 12588 | Lair:3   | Reached skill level 13 in Conjurations
 12611 | Lair:3   | Killed Fannar
 12728 | Lair:3   | Got an ichor-stained ring mail
 12822 | Lair:3   | Identified the amulet of Yfyeggea {Reflect rElec Str-2
                  | Dex+3 SH+4} (You found it on level 2 of the Lair of Beasts)
 12832 | Lair:3   | Reached **** piety under Vehumet
 12842 | Lair:3   | Offered knowledge of Stone Arrow by Vehumet.
 13076 | Lair:3   | Found a staircase to the Swamp.
 13425 | Lair:3   | Reached ***** piety under Vehumet
 13445 | Lair:3   | Offered knowledge of Lightning Bolt by Vehumet.
 13961 | Lair:3   | Identified a scroll of acquirement
 13962 | Lair:3   | Identified the Grimoire of Poisoning (You acquired it on
                  | level 3 of the Lair of Beasts)
 14002 | Swamp:1  | Entered Level 1 of the Swamp
 14002 | Swamp:1  | Noticed a wendigo
 14028 | Lair:4   | Noticed an eight-headed hydra
 14031 | Lair:4   | Killed an eight-headed hydra
 14032 | Lair:4   | Reached XP level 13. HP: 70/70 MP: 30/31
 14067 | Lair:4   | Reached skill level 14 in Conjurations
 14241 | Lair:4   | Found a staircase to the Snake Pit.
 15327 | Lair:5   | Reached skill level 15 in Conjurations
 15551 | Lair:5   | Noticed Grum
 15866 | Lair:5   | Killed Grum
 15876 | Lair:5   | Offered knowledge of Iron Shot by Vehumet.
 16181 | Lair:5   | Reached XP level 14. HP: 76/76 MP: 34/34
 16186 | Lair:5   | Reached skill level 16 in Conjurations
 16254 | Lair:5   | Found a snail-covered altar of Cheibriados.
 16768 | Lair:6   | Entered Level 6 of the Lair of Beasts
 17277 | Lair:6   | Reached skill level 10 in Dodging
 17283 | Lair:6   | Reached skill level 5 in Fighting
 17493 | Lair:6   | Offered knowledge of Bolt of Draining by Vehumet.
 18061 | Lair:6   | Found a staircase to the Spriggan Forest.
 18503 | Lair:6   | Reached XP level 15. HP: 86/86 MP: 35/35
 18540 | Lair:6   | Offered knowledge of Conjure Ball Lightning by Vehumet.
 19038 | Lair:6   | Reached skill level 15 in Fire Magic
 19042 | Lair:6   | Learned a level 3 spell: Inner Flame
 19389 | Lair:6   | Reached skill level 1 in Hexes
 19392 | Lair:6   | Noticed Kirke
 19516 | Lair:6   | Killed Kirke
 20119 | D:9      | Noticed Psyche
 20121 | D:9      | Killed Psyche
 20152 | D:9      | Noticed Pikel
 20154 | D:9      | Killed Pikel
 20250 | D:9      | Found a portal to a secret trove of treasure.
 20712 | D:10     | Entered Level 10 of the Dungeon
 20730 | D:10     | Reached skill level 5 in Hexes
 20848 | D:10     | Found Koux's Island Escapes.
 20921 | D:10     | Bought a potion of flight for 56 gold pieces
 20921 | D:10     | Bought a potion of invisibility for 112 gold pieces
 20921 | D:10     | Bought a scroll of teleportation for 42 gold pieces
 20921 | D:10     | Bought a scroll of teleportation for 42 gold pieces
 21195 | D:10     | Found Latas's Weapon Shoppe.
 21257 | D:10     | Found a staircase to the Orcish Mines.
 21427 | Orc      | Entered the Orcish Mines
 21674 | Orc      | Found a roughly hewn altar of Beogh.
 21713 | Orc      | Found a staircase to the Slime Pits.
 21715 | Orc      | Found a viscous altar of Jiyva.
 21718 | Orc      | Reached ****** piety under Vehumet
 21719 | Orc      | Offered knowledge of Mana Rupture by Vehumet.
 22271 | Orc      | Found Useidghe's Magic Scroll Emporium.
 22271 | Orc      | Found Biodicw's Distillery.
 22285 | Orc      | Bought a scroll of summoning for 120 gold pieces
 22285 | Orc      | Bought a scroll of identify for 24 gold pieces
 22295 | Orc      | Bought a potion of might for 72 gold pieces
 22295 | Orc      | Bought 2 potions of brilliance for 144 gold pieces
 22295 | Orc      | Bought a potion of haste for 180 gold pieces
 22317 | Orc      | Bought a potion of magic for 90 gold pieces
 22327 | Orc      | Found a roughly hewn altar of Beogh.
 22512 | Orc      | Found Guiliex's Book Emporium.
 22512 | Orc      | Found Qipoac's Magic Scroll Shop.
 22534 | Orc      | Bought a scroll of identify for 24 gold pieces
 22534 | Orc      | Bought a scroll of identify for 24 gold pieces
 23038 | D:4      | Bought a book of the Sky for 650 gold pieces
 23045 | D:4      | Learned a level 6 spell: Deflect Missiles
 23183 | Lair:3   | HP: 4/86 [wendigo (7)]
 23362 | Lair:3   | Killed a wendigo
 23363 | Lair:3   | Reached skill level 1 in Charms
 23363 | Lair:3   | Reached skill level 1 in Air Magic
 23402 | Swamp:1  | Noticed Josephine
 23406 | Swamp:1  | Offered knowledge of Orb of Destruction by Vehumet.
 23598 | Swamp:1  | Killed Josephine
 24153 | Swamp:1  | Noticed a thorn hunter
 24154 | Swamp:1  | Killed a thorn hunter
 24155 | Swamp:1  | Reached XP level 16. HP: 92/92 MP: 19/36
 24158 | Swamp:1  | Identified the cursed +0 long sword "Kiloajyroi" {flame,
                  | *Contam rF+ Str+3 Int+2}
 24158 | Swamp:1  | Noticed Nikola
 24329 | Swamp:1  | Reached skill level 5 in Air Magic
 24390 | Swamp:1  | Reached skill level 10 in Hexes
 24774 | Lair:3   | Learned a level 7 spell: Orb of Destruction
 24785 | Swamp:1  | Killed Nikola
 24786 | Swamp:1  | Reached skill level 5 in Charms
 25832 | Swamp:3  | Entered Level 3 of the Swamp
 25832 | Swamp:3  | Noticed a thorn hunter
 25835 | Swamp:3  | Killed a thorn hunter
 25931 | Swamp:3  | Noticed Mara
 25937 | Swamp:3  | Noticed a thorn hunter
 25946 | Swamp:2  | Killed Mara
 26070 | Swamp:3  | Killed a thorn hunter
 26070 | Swamp:3  | Offered knowledge of Poison Arrow by Vehumet.
 26378 | Swamp:3  | Noticed a thorn hunter
 26384 | Swamp:3  | Killed a thorn hunter
 26533 | Swamp:3  | Slain by a five-headed hydra

Skill      XL: |  1  2  3  4  5  6  7  8  9 10 11 12 13 14 15 16 |
---------------+-------------------------------------------------+-----
Conjurations   | 6 7 8 9 11 12 13 15 16 | 16.0
Spellcasting   | 3 4 5 7 9 10 12 14 | 14.0
Dodging        | 3 8 10 11 | 11.9
Fighting       | 1 4 7 8 |  8.3
Short Blades   | 4 9 10 | 10.0
Fire Magic     | 7 10 11 12 14 15 | 15.0
Bows           | 1 |  1.2
Hexes          | 9 10 | 10.0
Charms         | 4 7 |  7.0
Air Magic      | 4 9 |  9.0
Stealth        | |  2.1

Action                   |  1- 3 |  4- 6 |  7- 9 | 10-12 | 13-15 | 16-18 || total
-------------------------+-------+-------+-------+-------+-------+-------++-------
Melee: Unarmed           |     5 |     4 |     2 |       |       |       ||    11
       Dagger            |       |       |       |    19 |       |       ||    19
       Staff             |       |       |       |       |     7 |       ||     7
 Cast: Magic Dart        |    71 |    54 |       |       |       |       ||   125
       Iskenderun's Myst |       |    24 |   126 |   162 |   279 |    45 ||   636
       Searing Ray       |       |     6 |       |       |       |       ||     6
       Fireball          |       |       |       |    72 |   272 |    71 ||   415
       Bolt of Fire      |       |       |       |    19 |    53 |    32 ||   104
       Sticky Flame      |       |       |       |    15 |    15 |     3 ||    33
       Orb of Destructio |       |       |       |       |       |     2 ||     2
       Deflect Missiles  |       |       |       |       |       |     1 ||     1
Evoke: Wand              |       |       |       |       |     5 |     3 ||     8
  Use: Scroll            |     1 |     3 |     6 |     4 |    14 |     5 ||    33
       Potion            |       |       |       |     1 |     1 |     2 ||     4
  Eat: Chunk             |     2 |    11 |    15 |    29 |    35 |     4 ||    96
       Ration            |       |       |       |     2 |     2 |     2 ||     6
Armor: Robe              |    14 |    13 |     2 |       |       |       ||    29
       Leather armour    |       |       |     7 |     9 |     7 |     9 ||    32
Dodge: Dodged            |    30 |    13 |    37 |    62 |    94 |    60 ||   296
       Deflected         |       |       |       |       |       |     3 ||     3
Block: Other             |       |       |       |     3 |    22 |     6 ||    31
       Reflection        |       |       |       |       |     2 |       ||     2
